 Dungeon Crawl Stone Soup version 0.21.1-1-g345015f (webtiles) character file.

39689 zishaf the Thaumaturge (level 13, -1/65 HPs)
             Began as a Spriggan Enchanter on May 15, 2018.
             Was a High Priest of Dithmenos.
             Slain by a komodo dragon (25 damage)
             ... on level 6 of the Lair of Beasts.
             The game lasted 01:24:33 (20388 turns).

zishaf the Thaumaturge (Spriggan Enchanter)        Turns: 20388, Time: 01:24:33

Health: -1/65      AC:  9    Str:  4    XL:     13   Next: 70%
Magic:  50/50      EV: 25    Int: 29    God:    Dithmenos [*****.]
Gold:   877        SH:  0    Dex: 16    Spells: 11/38 levels left

rFire    . . .     SeeInvis +   y - +2 dagger (drain)
rCold    . . .     Gourm    .   (shield restricted)
rNeg     . . .     Faith    .   Q - +2 robe {Archmagi}
rPois    +         Spirit   .   z - +3 hat of Pondering {ponderous, MR+ MP+10 Int+5}
rElec    .         Reflect  .   D - +1 cloak
rCorr    .         Harm     .   (gloves unavailable)
MR       +++..                  (boots unavailable)
Stlth    ++++++....             (no amulet)
HPRegen  0.20/turn              A - ring of wizardry
MPRegen  0.32/turn              B - ring "Inakulis" {rPois MP+9}

@: wreathed by umbra, very quick
A: very small, unfitting armour, see invisible, clever 1, herbivore, speed 3,
mutation resistance 1, slow metabolism 2
a: Shadow Step, Shadow Form, Renounce Religion


You were on level 6 of the Lair of Beasts.
You worshipped Dithmenos.
Dithmenos was extremely pleased with you.
You were not hungry.

You visited 2 branches of the dungeon, and saw 17 of its levels.
You also visited: Sewer.

You collected 877 gold pieces.

Inventory:

Hand Weapons
 b - a +0 blowgun
 m - a +0 dagger of holy wrath
 y - a +2 dagger of draining (weapon)
Missiles
 e - 55 poisoned needles
 s - 5 curare-tipped needles
 R - 8 needles of sleeping
Armour
 o - a +0 buckler
 z - the +3 hat of Pondering (worn) {ponderous, MR+ MP+10 Int+5}
   (You took it off Gastronok on level 2 of the Lair of Beasts)

   It affects your intelligence (+5).
   It affects your resistance to hostile enchantments.
   It affects your magic capacity (+10).
 D - a +1 cloak (worn)
 I - +0 steam dragon scales
 Q - a +2 robe of the Archmagi (worn)
Jewellery
 a - an uncursed ring of protection from cold
 d - an uncursed ring of resist corrosion
 A - a ring of wizardry (left hand)
 B - the ring "Inakulis" (right hand) {rPois MP+9}
   (You found it on level 5 of the Dungeon)

   [ring of magical power]

   It protects you from poison.
   It affects your magic capacity (+9).
 J - an uncursed ring of positive energy
 O - an uncursed ring of protection from fire
Wands
 F - a wand of enslavement (22)
 Y - a wand of paralysis (10)
Scrolls
 i - 3 scrolls of magic mapping
 j - 12 scrolls of remove curse
 l - 11 scrolls of teleportation
 q - 2 scrolls of amnesia
 u - 4 scrolls of enchant weapon
 x - 4 scrolls of fear
 K - 2 scrolls of silence
 L - 4 scrolls of fog
 N - 2 scrolls of enchant armour
Potions
 h - 4 potions of might
 k - 3 potions of haste
 n - a potion of invisibility
 p - 4 potions of berserk rage
 r - 2 potions of flight
 t - 4 potions of heal wounds
 C - a potion of magic
 G - a potion of curing
 H - 5 potions of brilliance
Books
 c - a book of Maledictions

   Spells                             Type                      Level
   a - Corona                         Hexes                        1
   b - Ensorcelled Hibernation        Hexes/Ice                    2
   c - Confuse                        Hexes                        3
   d - Tukima's Dance                 Hexes                        3
   e - Dazzling Spray                 Conjuration/Hexes            3
 V - a book of Air

   Spells                             Type                      Level
   a - Shock                          Conjuration/Air              1
   b - Swiftness                      Charms/Air                   2
   c - Static Discharge               Conjuration/Air              3
   d - Airstrike                      Air                          4
   e - Lightning Bolt                 Conjuration/Air              5
 W - a book of Minor Magic

   Spells                             Type                      Level
   a - Magic Dart                     Conjuration                  1
   b - Blink                          Translocation                2
   c - Call Imp                       Summoning                    2
   d - Slow                           Hexes                        2
   e - Conjure Flame                  Conjuration/Fire             3
   f - Mephitic Cloud                 Conjuration/Poison/Air       3
 X - a book of Enchantments

   Spells                             Type                      Level
   a - Cause Fear                     Hexes                        4
   b - Yara's Violent Unravelling     Hexes/Transmutation          5
   c - Silence                        Hexes/Air                    5
   d - Deflect Missiles               Charms/Air                   6
   e - Discord                        Hexes                        8
 Z - a book of Geomancy

   Spells                             Type                      Level
   a - Sandblast                      Earth                        1
   b - Passwall                       Transmutation/Earth          2
   c - Stone Arrow                    Conjuration/Earth            3
   d - Petrify                        Transmutation/Earth          4
   e - Lee's Rapid Deconstruction     Earth                        5
Miscellaneous
 f - a fan of gales
 E - a lightning rod (4/4)
 U - a lightning rod (4/4)
Comestibles
 w - 32 rations


   Skills:
 - Level 6.2 Fighting
 - Level 5.1 Short Blades
 - Level 5.0 Throwing
 - Level 9.1 Dodging
 - Level 9.0 Stealth
 + Level 2.8 Shields
 - Level 13.0 Spellcasting
 - Level 13.0 Hexes
 - Level 6.0 Charms
 - Level 8.0 Translocations
 * Level 6.3 Earth Magic
 - Level 6.0 Invocations
 - Level 7.1 Evocations


You had 11 spell levels left.
You knew the following spells:

 Your Spells              Type           Power        Failure   Level  Hunger
a - Ensorcelled Hibernat  Hex/Ice        ######       1%          2    None
b - Corona                Hex            #######      0%          1    None
c - Confuse               Hex            #######.     1%          3    None
d - Tukima's Dance        Hex            #######.     1%          3    None
e - Blink                 Tloc           N/A          1%          2    None
f - Dazzling Spray        Conj/Hex       ######       1%          3    None
g - Lee's Rapid Deconstr  Erth           ######....   2%          5    ##.....
h - Passwall              Tmut/Erth      ######....   1%          2    None
i - Swiftness             Chrm/Air       ######..     1%          2    None
j - Cause Fear            Hex            #######...   1%          4    None


Dungeon Overview and Level Annotations

Branches:
Dungeon (11/15)            Temple (0/1) D:6            Lair (6/6) D:11
 Shoals (0/4) Lair:2       Spider (0/4) Lair:4        Slime (0/5) Lair:5
    Orc: D:9-12

Altars:
Cheibriados
Dithmenos
Gozag
Nemelex Xobeh
Okawaru
Uskayaw
Vehumet
Wu Jian
Zin
The Shining One


Innate Abilities, Weirdness & Mutations

You are very small and have problems with some larger weapons.
You are too small for most types of armour.
You have supernaturally acute eyesight. (SInv)
You are a herbivore.
You cover ground extremely quickly.
You need consume almost no food.
Your mind is acute. (Int +2)
You are somewhat resistant to further mutation.


Message History

You kill the komodo dragon!
Dithmenos accepts your kill.
You start resting.
Magic restored.
You start resting.
HP restored.
There is a stone staircase leading down here.
You climb downwards.
A hell hound comes into view.
The black mamba misses you. The hell hound bites you.
The black mamba completely misses you.
The komodo dragon completely misses you.
The hell hound bites you!
The komodo dragon completely misses you.
The black mamba completely misses you.
There is a stone staircase leading up, spattered with blood here.
The hell hound bites you but does no damage.
The hell hound breathes flames at you. The blast of flame hits you!
The komodo dragon bites you!!
You die...

#..........P#
#..........##
#.$........#
##........##
##..........#
#....$.....##
##.........#
#(.....h.###
#.P.h.@.##
##...Sll.#
##.....#.h.
#.....#.#....
#.....#####..S
#....... .l
###..... .
#.....


You could see 2 komodo dragons, a black mamba and 3 hell hounds.

Vanquished Creatures
  Gastronok (Lair:2)
  The ghost of Theoretic the Basher, a journeyman DsBe of Trog (Lair:2)
  The ghost of sanboga the Cleaver, a journeyman GrBe of Trog (D:11)
  3 hydras
  Erica (D:8)
  4 death yaks
  5 two-headed ogres
  Pikel (D:9)
  A lindwurm (Lair:3)
  4 oklob plants (Lair:2)
  A cyclops (D:11)
  A merfolk siren (Lair:2)
  Joseph (D:10)
  9 spiny frogs
  A gargoyle (D:11)
  2 rime drakes
  8 komodo dragons
  2 polar bears (Lair:1)
  A hornet (D:11)
  14 blink frogs
  4 hippogriffs
  2 redbacks (Lair:4)
  A vampire (D:11)
  32 yaks
  A wraith (D:11)
  5 wyverns
  A steam dragon (D:7)
  2 basilisks (Lair:5)
  An acid dragon (D:11)
  11 water moccasins
  10 porcupines
  A hell hound (Lair:5)
  A porcupine (shapeshifter) (D:11)
  2 phantoms
  An eye of draining (D:11)
  An orc warrior (D:10)
  3 ice beasts
  7 sky beasts
  A black bear (D:10)
  A necrophage (D:6)
  5 ogres
  5 wolves (Lair:2)
  2 centaurs (D:10)
  6 crocodiles
  2 big kobolds
  9 bullfrogs
  A gnoll sergeant (D:10)
  2 wyvern zombies
  A wyvern skeleton (D:11)
  4 scorpions
  3 wights (D:9)
  11 killer bees
  An electric eel (Lair:1)
  6 howler monkeys
  12 crimson imps
  A quasit (D:9)
  5 hounds
  3 jellies
  Crazy Yiuf (D:2)
  3 centaur skeletons
  5 orc priests
  A gnoll shaman (D:6)
  3 iguanas
  13 orc wizards
  12 worker ants
  A hound zombie (D:11)
  A mummy (D:8)
  A worker ant zombie (D:10)
  Robin (D:3)
  7 gnolls
  12 adders
  A river rat (D:6)
  2 shadow imps
  2 oozes (D:3)
  An adder zombie (D:5)
  An adder skeleton (D:7)
  3 worms
  3 dart slugs (D:1)
  8 leopard geckos
  39 orcs
  A ball python (D:2)
  7 bats
  9 giant cockroaches
  18 goblins
  9 hobgoblins
  8 jackals
  16 kobolds
  6 quokkas
  4 frilled lizards
  A jackal skeleton (D:6)
  A quokka zombie (D:5)
  11 rats
  2 butterflies (Lair:4)
  2 plants (Lair:2)
445 creatures vanquished.

Vanquished Creatures (collateral kills)
  7 wights (D:9)
7 creatures vanquished.

Vanquished Creatures (others)
  A dancing weapon (D:9)
  2 orcs (D:5)
  7 fungi (Lair:5)
  11 plants
21 creatures vanquished.

Grand Total: 473 creatures vanquished

Notes
Turn   | Place    | Note
-------+----------+-------------------------------------------
     0 | D:1      | zishaf the Spriggan Enchanter began the quest for the Orb.
     0 | D:1      | Reached XP level 1. HP: 9/9 MP: 5/5
   596 | D:1      | Reached XP level 2. HP: 13/13 MP: 7/7
   600 | D:1      | Learned a level 2 spell: Ensorcelled Hibernation
  1081 | D:1      | Reached XP level 3. HP: 16/16 MP: 5/9
  1310 | D:2      | Reached skill level 5 in Stealth
  1623 | D:2      | Reached XP level 4. HP: 21/21 MP: 11/11
  1975 | D:2      | Reached skill level 5 in Hexes
  2191 | D:2      | Found a faded altar of an unknown god.
  2267 | D:2      | Found an iron altar of Okawaru.
  2267 | D:2      | Found a faded altar of an unknown god.
  2272 | D:2      | Found a faded altar of an unknown god.
  2274 | D:2      | Found a radiant altar of Vehumet.
  2275 | D:2      | Found a shadowy altar of Dithmenos.
  2328 | D:2      | Became a worshipper of Dithmenos the Shadowed
  2450 | D:2      | Found a runed door.
  2609 | D:2      | Noticed Crazy Yiuf
  2613 | D:2      | Killed Crazy Yiuf
  2613 | D:2      | Reached XP level 5. HP: 24/24 MP: 12/12
  2675 | D:3      | Noticed Robin
  2714 | D:3      | Killed Robin
  3435 | D:3      | Reached * piety under Dithmenos
  3944 | D:3      | Reached skill level 5 in Spellcasting
  4037 | D:4      | Reached XP level 6. HP: 28/28 MP: 15/15
  4045 | D:4      | Learned a level 3 spell: Confuse
  4738 | D:4      | Found a glowing silver altar of Zin.
  4947 | D:4      | Found an ornate altar of the Wu Jian Council.
  4963 | D:5      | Entered Level 5 of the Dungeon
  4973 | D:5      | Reached XP level 7. HP: 32/32 MP: 14/17
  5265 | D:5      | Found a hide-covered altar of Uskayaw.
  5276 | D:5      | Got a brightly glowing brass ring
  5302 | D:5      | Identified the ring "Inakulis" {rPois MP+9} (You found it on level 5 of the Dungeon)
  5387 | D:5      | Reached ** piety under Dithmenos
  5873 | D:5      | Reached XP level 8. HP: 28/36 MP: 20/20
  6193 | D:6      | Found a glowing drain.
  6200 | Sewer    | Entered a sewer
  6357 | D:6      | Gained mutation: You are somewhat resistant to further mutation. [potion of mutation]
  6357 | D:6      | Gained mutation: Your mind is acute. (Int +2) [potion of mutation]
  6369 | D:6      | Found an opulent altar of Gozag.
  6372 | D:6      | Found a snail-covered altar of Cheibriados.
  6495 | D:6      | Found a staircase to the Ecumenical Temple.
  6916 | D:6      | Reached *** piety under Dithmenos
  7464 | D:7      | Reached XP level 9. HP: 39/39 MP: 23/23
  7688 | D:7      | Reached skill level 10 in Hexes
  7798 | D:7      | Reached skill level 10 in Spellcasting
  8101 | D:7      | Reached skill level 5 in Short Blades
  8113 | D:7      | Reached skill level 1 in Fighting
  8251 | D:6      | Learned a level 3 spell: Tukima's Dance
  8679 | D:8      | Noticed a two-headed ogre
  8803 | D:8      | Killed a two-headed ogre
  8803 | D:8      | Reached skill level 5 in Dodging
  8912 | D:8      | Noticed Erica
  8919 | D:8      | Killed Erica
  8919 | D:8      | Reached XP level 10. HP: 51/51 MP: 25/25
  9094 | D:8      | Reached skill level 5 in Fighting
  9131 | D:8      | Found a snail-covered altar of Cheibriados.
  9445 | D:9      | Reached **** piety under Dithmenos
  9547 | D:9      | Found a sparkling altar of Nemelex Xobeh.
  9924 | D:9      | Noticed a two-headed ogre
  9941 | D:9      | Killed a two-headed ogre
 10149 | D:9      | Noticed a two-headed ogre
 10152 | D:9      | Killed a two-headed ogre
 10474 | D:9      | Noticed Pikel
 10486 | D:9      | Killed Pikel
 10576 | D:10     | Entered Level 10 of the Dungeon
 10656 | D:10     | Noticed a two-headed ogre
 10667 | D:10     | Killed a two-headed ogre
 10667 | D:10     | Reached XP level 11. HP: 44/56 MP: 27/27
 10933 | D:10     | Noticed a two-headed ogre
 10948 | D:10     | Killed a two-headed ogre
 11198 | D:10     | Reached ***** piety under Dithmenos
 11359 | D:10     | Reached skill level 1 in Throwing
 11384 | D:10     | Noticed Joseph
 11394 | D:10     | Killed Joseph
 11614 | D:10     | Found a glowing golden altar of the Shining One.
 11733 | D:10     | Got a jewelled hand axe {chop}
 12017 | D:11     | Noticed sanboga's ghost (journeyman GrBe)
 12343 | D:11     | Killed sanboga's ghost
 12404 | D:11     | Found a staircase to the Lair.
 12537 | D:11     | Reached skill level 1 in Evocations
 12589 | D:11     | Noticed a harpy
 12589 | D:11     | a raiju changed into a harpy
 12591 | D:11     | a harpy changed into a shapeshifter
 13024 | D:11     | Reached skill level 5 in Throwing
 13324 | D:11     | Identified the +8 hand axe "Bomul" {chop, +Fly} (You took it off a kobold on level 10 of the Dungeon)
 13385 | Lair:1   | Entered Level 1 of the Lair of Beasts
 13484 | Lair:1   | Reached XP level 12. HP: 61/61 MP: 29/29
 13665 | Lair:1   | Reached skill level 1 in Invocations
 13891 | Lair:1   | Reached skill level 5 in Evocations
 14107 | Lair:1   | Learned a level 2 spell: Blink
 14111 | Lair:1   | Learned a level 3 spell: Dazzling Spray
 14394 | Lair:2   | Reached skill level 1 in Translocations
 14438 | Lair:2   | Reached ****** piety under Dithmenos
 14442 | Lair:2   | Noticed Gastronok
 14683 | Lair:2   | Found a shadowy altar of Dithmenos.
 14836 | Lair:2   | Noticed an eight-headed hydra
 14935 | Lair:2   | Killed an eight-headed hydra
 15125 | Lair:2   | Learned a level 5 spell: Lee's Rapid Deconstruction
 15128 | Lair:2   | Learned a level 2 spell: Passwall
 15156 | Lair:2   | Found a staircase to the Shoals.
 15215 | Lair:2   | Noticed Theoretic's ghost (journeyman DsBe)
 15254 | Lair:2   | Killed Theoretic's ghost
 15254 | Lair:2   | Reached skill level 1 in Earth Magic
 15448 | Lair:2   | Noticed a four-headed hydra
 15558 | Lair:2   | Killed a four-headed hydra
 16111 | Lair:2   | Killed Gastronok
 16111 | Lair:2   | Reached skill level 5 in Translocations
 16111 | Lair:2   | Reached skill level 5 in Invocations
 16207 | Lair:2   | Learned a level 2 spell: Swiftness
 16753 | Lair:2   | Reached XP level 13. HP: 65/65 MP: 31/31
 17110 | Lair:3   | Reached skill level 1 in Charms
 17612 | Lair:3   | Learned a level 4 spell: Cause Fear
 17839 | Lair:4   | Reached skill level 1 in Shields
 17965 | Lair:4   | Identified a scroll of acquirement
 18067 | Lair:4   | Found a hole to the Spider Nest.
 18621 | Lair:5   | You fall through a shaft!
 18621 | Lair:6   | Entered Level 6 of the Lair of Beasts
 18732 | Lair:5   | Reached skill level 5 in Earth Magic
 19197 | Lair:5   | Reached skill level 5 in Charms
 19992 | Lair:5   | Found a staircase to the Slime Pits.
 20388 | Lair:6   | Slain by a komodo dragon

Skill      XL: |  1  2  3  4  5  6  7  8  9 10 11 12 13 |
---------------+----------------------------------------+-----
Spellcasting   | 3 4 5 6 7 9 10 11 12 13 | 13.0
Hexes          | 4 5 6 8 9 10 12 13 | 13.0
Stealth        | 5 6 7 8 9 |  9.0
Short Blades   | 2 3 5 |  5.1
Fighting       | 4 6 |  6.2
Dodging        | 6 9 |  9.1
Throwing       | 5 |  5.0
Evocations     | 4 7 |  7.1
Invocations    | 5 6 |  6.0
Translocations | 5 8 |  8.0
Earth Magic    | 2 6 |  6.3
Charms         | 6 |  6.0
Shields        | 2 |  2.8

Action                   |  1- 3 |  4- 6 |  7- 9 | 10-12 | 13-15 || total
-------------------------+-------+-------+-------+-------+-------++-------
Melee: Dagger            |   107 |   209 |   236 |   469 |   140 ||  1161
 Fire: Blowgun           |       |       |       |     3 |       ||     3
 Cast: Ensorcelled Hiber |    12 |    37 |    74 |   202 |    98 ||   423
       Confuse           |       |       |    12 |    57 |     8 ||    77
       Tukima's Dance    |       |       |       |    14 |       ||    14
       Lee's Rapid Decon |       |       |       |    12 |     1 ||    13
       Blink             |       |       |       |     3 |       ||     3
       Dazzling Spray    |       |       |       |     1 |       ||     1
Evoke: Wand              |       |       |       |       |     4 ||     4
  Use: Scroll            |       |       |    15 |    11 |     5 ||    31
       Potion            |       |       |     2 |     1 |       ||     3
 Stab: Sleeping          |    20 |    48 |    64 |   151 |    63 ||   346
       Distracted        |     1 |       |     1 |     3 |     2 ||     7
       Confused          |       |       |    12 |    39 |     8 ||    59
  Eat: Ration            |       |     1 |     3 |     4 |     2 ||    10
Armor: Robe              |    11 |     7 |    17 |     8 |     4 ||    47
       Steam dragon scal |       |       |     2 |    12 |       ||    14
Dodge: Dodged            |    78 |   131 |   131 |   279 |    86 ||   705
